 Seeded DCSS version 0.29.1-15-g9cfb28693d (webtiles) character file.

Game seed: 7207926220249212732 (custom seed)

768 McKennaii the Gusty (level 7, -2/50 HPs)
             Began as a Demigod Air Elementalist on Mar 4, 2023.
             Slain by a sky beast (5 damage)
             ... on level 5 of the Dungeon.
             The game lasted 00:04:33 (5413 turns).

McKennaii the Gusty (Demigod Air Elementalist)      Turns: 5413, Time: 00:04:33

Health: -2/50      AC:  2    Str:  9    XL:     7   Next: 27%
Magic:  8/16       EV: 12    Int: 25    God:
Gold:   245        SH:  0    Dex: 14    Spells: 5/13 levels left

rFire   . . .      SeeInvis .   v - +3 spear
rCold   . . .      Faith    .   (no shield)
rNeg    . . .      Spirit   .   a - +0 robe
rPois   .          Reflect  .   (no helmet)
rElec   .          Harm     .   (no cloak)
rCorr   .          Rampage  .   (no gloves)
Will    .....                   (no boots)
Stlth   ++........              (no amulet)
HPRegen 0.16/turn               (no ring)
MPRegen 0.15/turn               (no ring)

@: no status effects
A: high MP 1, forlorn, divine attributes
a: no special abilities


You were on level 5 of the Dungeon.
You visited 1 branch of the dungeon, and saw 5 of its levels.

You collected 245 gold pieces.

Inventory:

Hand Weapons
 v - a +3 spear (weapon)
Armour
 a - a +0 robe (worn)
Wands
 q - a wand of acid (14)
Scrolls
 d - 2 scrolls of amnesia {unknown}
 e - 3 scrolls of silence {unknown}
 f - a scroll of magic mapping {unknown}
 j - a scroll of poison {unknown}
 k - 9 scrolls of identify {unknown}
 l - 6 scrolls of teleportation {unknown}
 m - 4 scrolls of noise {unknown}
 s - a scroll of enchant armour {unknown}
 u - 3 scrolls of fear {unknown}
Potions
 b - a potion of magic
 g - 4 potions of curing {unknown}
 h - a potion of degeneration {unknown}
 i - a potion of heal wounds {unknown}
 n - a potion of haste {unknown}
 o - 2 potions of invisibility {unknown}
 p - 2 potions of resistance {unknown}
 r - a potion of brilliance {unknown}
 t - a potion of mutation {unknown}


   Skills:
 - Level 1.7 Dodging
 - Level 1.7 Stealth
 + Level 3.8 Spellcasting
 + Level 3.7 Conjurations
 * Level 6.1 Air Magic


You had 5 spell levels left.
You knew the following spells:

 Your Spells              Type           Power      Damage    Failure   Level
a - Shock                 Conj/Air       100%       1d9       1%          1
b - Swiftness             Air            35%        N/A       2%          3
c - Airstrike             Air            17%        2d(3-19)  8%          4

Your spell library contained the following spells:

 Spells                   Type           Power      Damage    Failure   Level
 Static Discharge         Conj/Air       29%        3-7/arc   1%          2
 Sublimation of Blood     Necr           4%         N/A       14%         2
 Summon Lightning Spire   Summ/Air       20%        N/A       26%         4
 Petrify                  Tmut/Erth      4%         N/A       67%         4
 Irradiate                Conj/Tmut      7%         3d14      75%         5
 Summon Forest            Summ/Tloc      2%         N/A       95%         5
 Summon Mana Viper        Hex/Summ       4%         N/A       95%         5
 Summon Cactus Giant      Summ           2%         N/A       100%        6
 Storm Form               Tmut/Air       10%        N/A       100%        7
 Maxwell's Capacitive Co  Air            17%        ∞         100%        8


Dungeon Overview and Level Annotations

Branches:
Dungeon (5/15)
 Temple: D:4-7


Innate Abilities, Weirdness & Mutations

You have an increased reservoir of magic. (+10% MP)
You shall have no god before yourself.
Your divine heritage dramatically boosts your attributes as you level up.


Message History

Press: ? - help, Shift-Dir - straight line Something hits you.
Something shocks you.
Unknown command.
Something hits you. Something shocks you.
Casting: Shock (safe; 1% risk of failure)
Confirm with . or Enter, or press ? or * to list all spells.
Aiming: Shock (safe; 1% risk of failure)
Press: ? - help, Shift-Dir - straight line Something hits you.
Something shocks you.
Unknown command.
Casting: Shock (safe; 1% risk of failure)
Confirm with . or Enter, or press ? or * to list all spells.
Aiming: Shock (safe; 1% risk of failure)
Press: ? - help, Shift-Dir - straight line The zap hits something.
Something hits you. Something shocks you.
Unknown command.
Casting: Shock (safe; 1% risk of failure)
Confirm with . or Enter, or press ? or * to list all spells.
Aiming: Shock (safe; 1% risk of failure)
Press: ? - help, Shift-Dir - straight line The zap hits something.
Something hits you. Something shocks you.
* * * LOW HITPOINT WARNING * * *
Unknown command.
Casting: Shock (safe; 1% risk of failure)
Confirm with . or Enter, or press ? or * to list all spells.
Aiming: Shock (safe; 1% risk of failure)
Press: ? - help, Shift-Dir - straight line Something hits you.
* * * LOW HITPOINT WARNING * * *
Something shocks you.
* * * LOW HITPOINT WARNING * * *
Unknown command.
Casting: Shock (safe; 1% risk of failure)
Confirm with . or Enter, or press ? or * to list all spells.
Aiming: Shock (safe; 1% risk of failure)
Press: ? - help, Shift-Dir - straight line The zap hits something.
Something hits you.
* * * LOW HITPOINT WARNING * * *
Something shocks you.
You die...

# #####. ..?..
...### ....##
###....# #..).#
####{#### #†.@..†.#
#......†# #
####......†# ##.
##......_.....#
#...
##..##.†....†###
#..#..###.......#
.###....###......†#
.
......†..#####.####
## .##.#.##.# .# .#
###


There were no monsters in sight!

Vanquished Creatures
  Sigmund (D:2)
  3 ogres
  A necrophage (D:5)
  3 hounds
  Ijyb (D:4)
  An iguana (D:4)
  Natasha (D:2)
  2 adders
  An ufetubus (D:4)
  2 worms
  2 dart slugs
  6 orcs (D:3)
  4 ball pythons
  10 endoplasms
  4 giant cockroaches
  7 goblins
  4 hobgoblins
  5 jackals
  2 quokkas (D:1)
  5 bats
  5 frilled lizards
  4 kobolds
  6 rats
80 creatures vanquished.

Vanquished Creatures (others)
  12 plants (D:3)
12 creatures vanquished.

Grand Total: 92 creatures vanquished

Notes
Turn   | Place    | Note
-------+----------+-------------------------------------------
     0 | D:1      | McKennaii the Demigod Air Elementalist began the quest for
                  | the Orb.
     0 | D:1      | Reached XP level 1. HP: 14/14 MP: 5/5
    90 | D:1      | Reached skill level 1 in Conjurations
   347 | D:1      | Reached skill level 3 in Air Magic
   450 | D:1      | Reached XP level 2. HP: 20/20 MP: 2/7
  1078 | D:2      | Reached XP level 3. HP: 22/26 MP: 0/8
  1741 | D:2      | Noticed Sigmund
  1755 | D:2      | Killed Sigmund
  1756 | D:2      | Reached skill level 4 in Air Magic
  1756 | D:2      | Reached XP level 4. HP: 16/33 MP: 3/11
  1756 | D:2      | Reached XP level 5. HP: 19/38 MP: 3/12
  1981 | D:2      | Noticed Natasha
  1984 | D:2      | Killed Natasha
  2492 | D:3      | Learned a level 3 spell: Swiftness
  2497 | D:3      | Learned a level 4 spell: Airstrike
  3413 | D:4      | Noticed an ogre
  3418 | D:4      | Killed an ogre
  3419 | D:4      | Reached skill level 5 in Air Magic
  3419 | D:4      | Reached XP level 6. HP: 12/45 MP: 8/13
  4274 | D:4      | Noticed Ijyb
  4284 | D:4      | Killed Ijyb
  4526 | D:5      | Entered Level 5 of the Dungeon
  4926 | D:5      | Reached XP level 7. HP: 50/50 MP: 8/15
  5336 | D:5      | Reached skill level 6 in Air Magic
  5413 | D:5      | Slain by a sky beast

Illustrated notes

Levels and vault maps discovered:
D:1:      minmay_arrival_plants_in_alcoves, layout_loops_ring
D:2:      layout_loops_cross, st_stairs_3, uniq_natasha, uniq_sigmund
D:3:      layout_loops_ring, mainiacjoe_overflow_chevrons,
          shapermc_ecumenical_altar_pompeii, corexii_leaking_fountain,
          ebering_dispersal_statue_hall
D:4:      layout_gridville, feat_on_display, uniq_ijyb
D:5:      layout_layer_cave, nicolae_uskayaw_murder_on_the_dancefloor

Skill      XL: |  1  2  3  4  5  6  7 |
---------------+----------------------+-----
Conjurations   | 1 2 3 |  3.7
Air Magic      | 3 4 5 6 |  6.1
Spellcasting   | 2 3 |  3.8
Dodging        | |  1.7
Stealth        | |  1.7

Action                   |  1- 3 |  4- 6 |  7- 9 || total
-------------------------+-------+-------+-------++-------
Melee: Dagger            |    21 |       |       ||    21
 Cast: Shock             |    77 |    90 |    23 ||   190
Armor: Robe              |     4 |     2 |       ||     6
Dodge: Dodged            |    39 |     9 |       ||    48
